 Dungeon Crawl Stone Soup version 0.31-a0-981-geadf994542 (webtiles) character file.

Game seed: 561468035836792989

613 tilp the Vexing (level 7, -2/52 HPs)
             Began as a Vampire Enchanter on Nov 1, 2023.
             Splashed by a jelly's acid (9 damage)
             ... on level 4 of the Dungeon.
             The game lasted 00:05:20 (3577 turns).

tilp the Vexing (Vampire Enchanter)                 Turns: 3577, Time: 00:05:21

Health: -2/52      AC:  0    Str: 10    XL:     7   Next: 20%
Magic:  6/11       EV: 13    Int: 20    God:
Gold:   42         SH:  0    Dex: 17    Spells: 6/11 levels left

rFire   . . .        a - +8 dagger of Moderation {freeze, *Noise Will+ Str+3 Dex+3}
rCold   . . .        (no shield)
rNeg    + . .        f - +0 robe
rPois   .            (no helmet)
rElec   .            s - +0 cloak
rCorr   .            r - +0 pair of gloves
SInv    +            (no boots)
Will    +....        (no amulet)
Stlth   +++          o - ring of positive energy
HPRegen 0.48/turn    m - +4 ring of slaying
MPRegen 0.12/turn

%: no passive effects
@: corroded, healing quickly, invisible
A: alive, fangs 3, see invisible, vampiric 2
a: Exsanguinate


You were on level 4 of the Dungeon.
You visited 1 branch of the dungeon, and saw 5 of its levels.

You collected 217 gold pieces.
You spent 175 gold pieces at shops.

Inventory:

Hand Weapons
 a - the +8 dagger of Moderation (weapon) {freeze, *Noise Will+ Str+3 Dex+3}
   (You found it on level 4 of the Dungeon)

   Str+3:     It affects your strength (+3).
   Dex+3:     It affects your dexterity (+3).
   Will+:     It increases your willpower.
   *Noise:    It may make a loud noise when swung.
 b - a +1 dagger
 q - a +1 dagger of chaos
 t - a +2 dagger of venom
Missiles
 p - 6 boomerangs (quivered)
Armour
 f - a +0 robe (worn)
 r - a +0 pair of gloves (worn)
 s - a +0 cloak (worn)
Jewellery
 e - a ring of resist corrosion
 m - a +4 ring of slaying (right hand)
 o - a ring of positive energy (left hand)
Scrolls
 d - 2 scrolls of identify
 j - a scroll of enchant armour {unknown}
 l - 3 scrolls of teleportation
 n - a scroll of fog {unknown}
 u - a scroll of enchant weapon
Potions
 c - 2 potions of invisibility
 g - 2 potions of attraction
 h - 2 potions of might
 i - 3 potions of enlightenment
 k - 2 potions of haste


   Skills:
 * Level 3.0 Fighting
 * Level 4.1 Short Blades
 + Level 3.6 Dodging
 + Level 6.1 Stealth
 + Level 2.9 Spellcasting
 * Level 6.7 Hexes


You had 6 spell levels left.
You knew the following spells:

 Your Spells              Type           Power      Damage    Failure   Level
a - Ensorcelled Hibernat  Hex/Ice        32%        N/A       5%          2
b - Confusing Touch       Hex            29%        N/A       2%          3

Your spell library contained the following spells:

 Spells                   Type           Power      Damage    Failure   Level
 Tukima's Dance           Hex            29%        N/A       2%          3
 Dazzling Flash           Conj/Hex       32%        N/A       11%         3
 Inner Flame              Hex/Fire       16%        N/A       11%         3
 Necrotise                Necr           8%         1d4       14%         1
 Blink                    Tloc           4%         N/A       22%         2
 Lesser Beckoning         Tloc           4%         N/A       22%         2
 Momentum Strike          Conj/Tloc      4%         3d8       22%         2
 Gell's Gravitas          Tloc           2%         N/A       41%         3
 Teleport Other           Tloc           2%         N/A       41%         3
 Vampiric Draining        Necr           2%         2d6       41%         3
 Yara's Violent Unravell  Hex/Tmut       8%         3d5       69%         5
 Agony                    Necr           2%         N/A       99%         5
 Enfeeble                 Hex            14%        N/A       100%        7


Dungeon Overview and Level Annotations

Branches:
Dungeon (5/15)             Temple (0/1) D:5

Altars:
Gozag
Xom

Shops:
D:2 :?


Innate Abilities, Weirdness & Mutations

Your natural rate of healing is accelerated.
You have razor-sharp teeth.
You have supernaturally acute eyesight. (SInv)
You are afflicted with vampirism and can become a bat while bloodless.


Message History

The gnoll shouts!
You hit the gnoll. You freeze the gnoll.
Your dagger of Moderation regales you with its life story.
The gnoll is moderately wounded.
You hear a shout! x4
The gnoll sergeant hits you from afar with a +0 spear.
Unknown command.
The gnoll hits you with a +0 flail! x2
A jelly comes into view.
The gnoll hits you with a +0 flail. The gnoll attacks as it pursues you!
The gnoll hits you with a +0 flail. The gnoll attacks as it pursues you!
The gnoll closely misses you. The gnoll closely misses you.
The gnoll sergeant hits you with a +0 spear.
* * * LOW HITPOINT WARNING * * *
The jelly closely misses you.
The gnoll sergeant hits you from afar with a +0 spear.
* * * LOW HITPOINT WARNING * * *
The jelly hits you.
* * * LOW HITPOINT WARNING * * *
The acid corrodes you!
You are splashed with acid!
* * * LOW HITPOINT WARNING * * *
The jelly barely misses you. The gnoll attacks as it pursues you!
The gnoll hits you with a +0 flail.
* * * LOW HITPOINT WARNING * * *
There is a stone staircase leading up here.
Unknown command.
You can't go down here!
The jelly misses you. The gnoll completely misses you.
The gnoll sergeant closely misses you.
You climb upwards.
There is a stone staircase leading down here.
Unknown command.
Unknown command.
Unknown command.
You fade into invisibility!
The jelly hits you.
* * * LOW HITPOINT WARNING * * *
You are splashed with acid!
You die...

.######## #..# ........# #..##
######## ........##
#...#######....... ###......##
##................ ######..##
#########........ ##..##
##...#...... ##..## ##...........
##### ##..########............
#...## ##...J@..##............
.....# #....g................
.....## ##.....................
......#####......................
.................................
#.........####...................
#.........# ##########..........
..........# #..........
..........# ##.........


You could see a jelly and a gnoll (unable to see you).

Vanquished Creatures
  Sigmund (D:3)
  A bullfrog (D:4)
  Crazy Yiuf (D:3)
  3 crimson imps (D:3)
  2 hounds (D:5)
  A sleepcap (D:4)
  2 iguanas (D:4)
  4 adders
  2 dart slugs (D:1)
  4 orcs
  6 ball pythons
  8 endoplasms
  A giant cockroach (D:2)
  9 goblins
  7 hobgoblins
  13 jackals
  7 kobolds
  5 bats
  A frilled lizard (D:2)
  6 rats
84 creatures vanquished.

Notes
Turn   | Place    | Note
-------+----------+-------------------------------------------
     0 | D:1      | tilp the Vampire Enchanter began the quest for the Orb.
     0 | D:1      | Reached XP level 1. HP: 13/13 MP: 3/3
   106 | D:1      | Reached XP level 2. HP: 9/20 MP: 5/5
   113 | D:1      | Learned a level 2 spell: Ensorcelled Hibernation
   240 | D:1      | Found a faded altar of an unknown god.
   563 | D:1      | Gained mutation: You are afflicted with vampirism and can
                  | become a bat while bloodless. [Vampire growth]
   563 | D:1      | Reached XP level 3. HP: 24/25 MP: 6/6
   567 | D:1      | Learned a level 3 spell: Confusing Touch
  1127 | D:2      | Reached skill level 1 in Fighting
  1164 | D:2      | Found Kiumuwah's Magic Scroll Boutique.
  1177 | D:2      | Bought a scroll of identify for 28 gold pieces
  1296 | D:2      | Reached skill level 5 in Hexes
  1538 | D:2      | Bought a scroll of teleportation for 42 gold pieces
  1568 | D:2      | Found Apniot's Vocational Training.
  1647 | D:2      | Reached XP level 4. HP: 32/32 MP: 7/7
  1725 | D:3      | Found an opulent altar of Gozag.
  1826 | D:3      | Reached skill level 5 in Stealth
  2063 | D:3      | Noticed Sigmund
  2068 | D:3      | Killed Sigmund
  2069 | D:3      | Reached XP level 5. HP: 37/38 MP: 3/8
  2146 | D:3      | Found a shimmering altar of Xom.
  2158 | D:3      | Reached XP level 6. HP: 44/44 MP: 4/9
  2292 | D:3      | Found a runed translucent door.
  2293 | D:3      | Noticed Crazy Yiuf
  2411 | D:3      | Killed Crazy Yiuf
  2452 | D:4      | Identified a scroll of acquirement
  2452 | D:4      | Acquired a book of Misfortune
  2681 | D:4      | Identified the +8 dagger of Moderation {freeze, *Noise
                  | Will+ Str+3 Dex+3}
  2785 | D:4      | Reached XP level 7. HP: 35/51 MP: 11/11
  3481 | D:2      | Bought a scroll of enchant weapon for 105 gold pieces
  3541 | D:5      | Entered Level 5 of the Dungeon
  3541 | D:5      | Found a staircase to the Ecumenical Temple.
  3577 | D:4      | Splashed by a jelly's acid

Illustrated notes

Levels and vault maps discovered:
D:1:      onia_arrival_mini_maze, layout_basic, basic_ecumenical_altar,
          serial_aquarium, aquarium_bridge_square [aquarium_subvault_bridge,
          aquarium_subvault_bridge, aquarium_subvault_balcony,
          aquarium_subvault_bridge], aquarium_window_1, aquarium_window_corner,
          aquarium_window_corner, aquarium_window_fake, aquarium_view_2b,
          aquarium_view_2a, aquarium_balcony_5b, aquarium_pool_2
D:2:      layout_basic, serial_shops, nicolae_shop_pleasant_corner_grove,
          nicolae_shop_vocational
D:3:      layout_rooms, mainiacjoe_overflow_chevrons,
          mainiacjoe_overflow_brackets, led_xom_imps, uniq_crazy_yiuf_cottage,
          uniq_sigmund
D:4:      layout_layer_cave
D:5:      layout_cave_pools, kennysheep_slug_shrine,
          minmay_temple_entry_purple_smoke, minivault_11, uniq_duvessa,
          uniq_grinder, uniq_ijyb

Skill      XL: |  1  2  3  4  5  6  7 |
---------------+----------------------+-----
Fighting       | 1 2 3 |  3.0
Short Blades   | 2 3 4 |  4.1
Hexes          | 5 6 |  6.7
Stealth        | 5 6 |  6.1
Dodging        | 3 |  3.6
Spellcasting   | |  2.9

Action                     |  1- 3 |  4- 6 |  7- 9 || total
---------------------------+-------+-------+-------++-------
  Melee: Dagger            |   136 |    71 |    20 ||   227
         Bite              |     6 |     5 |     2 ||    13
         Punch             |     2 |     1 |       ||     3
   Cast: Ensorcelled Hiber |     3 |    11 |     6 ||    20
         Confusing Touch   |       |       |     1 ||     1
    Use: Scroll            |     2 |     6 |       ||     8
         Potion            |       |       |     1 ||     1
   Stab: Sleeping          |    11 |     8 |     4 ||    23
         Distracted        |     1 |       |     1 ||     2
         Confused          |       |       |     1 ||     1
 Armour: Robe              |    61 |    45 |    28 ||   134
  Dodge: Dodged            |    90 |    43 |    23 ||   156

Table legend: (Time is in decaauts)
 A = Elapsed time spent in this place.
 B = Non-inter-level travel time spent in this place.
 C = Inter-level travel time spent in this place.
 D = Time resting spent in this place.
 E = Time spent auto-exploring this place.
 F = Levels seen in this place.
 G = Mean time per level.
                   A        B        C        D        E       F      G
               +--------+--------+--------+--------+--------+-----+--------+
         Total |   3550 |   3333 |    217 |     55 |   2658 |   5 |  710.0 |
       Dungeon |   3550 |   3333 |    217 |     55 |   2658 |   5 |  710.0 |
               +--------+--------+--------+--------+--------+-----+--------+

Top non-repeatable levels by time:
     D:1: 1103 daAuts
     D:4: 1037 daAuts
     D:3: 750 daAuts
     D:2: 625 daAuts
     D:5: 33 daAuts
